Red Wings vs Capitals

Created - February 23, 2021 at 21:25

Goals
1 2 3 T
Red Wings 1 1 0 2
Capitals 1 1 2 4
Shots
1 2 3 T
Red Wings 15 12 9 36
Capitals 7 4 15 26

1st period

1. Red Wings , Mike Richards 19 (Jiri Fischer 13) at 3:51
2. Capitals , Jamie Benn 13 (Jason Pominville 18, Ryan Getzlaf 22) at 4:54

Penalties :
Duncan Keith (Was) for Interference (Minor) at 5:55

2nd period

3. Red Wings , Evgeni Malkin 18 (Kellan Lain 12, Connor Brown 24) at 0:50
4. Capitals , Joe Pavelski 26 (Derek Roy 44) at 10:02

Penalties :
Duncan Keith (Was) for Holding (Minor) at 7:17, Ole-Kristian Tollefsen (Det) for Tripping (Minor) at 10:21

3rd period

5. Capitals , Patrick Sharp 21 (Derek Roy 45) at 6:07 (PP)
6. Capitals , Joe Pavelski 27 (Derek Roy 46) at 19:07 (Empty Net)

Penalties :
Joe Pavelski (Was) for Hooking (Minor) at 0:03, David Krejci (Det) for Roughing (Minor) at 5:56

Goalie Stats

Robin Lehner (Det), 22 saves from 25 shots - (0.880), L, 17-23-5, 59:42 minutes
Marc-André Fleury (Was), 34 saves from 36 shots - (0.944), W, 19-14-7, 60:00 minutes

Players Stats for Red Wings

Player Name              G  A  P  +/- PIM S  H  SB GA TA FO     MP     PP MP  PK MP  
------------------------------------------------------------------------------------
Alex Picard              0  0  0   0  0   2  2  0  0  0  0/0    13:21   0:00   0:27 
Carson Mcmillan          0  0  0   0  0   0  0  0  0  0  1/1    13:19   0:00   1:10 
Connor Brown             0  1  1   1  0   4  2  0  1  0  1/1    20:13   2:38   0:00 
Darroll Powe             0  0  0  -2  0   0  0  0  0  1  2/4     7:51   0:00   1:10 
David Krejci             0  0  0   0  2   3  2  0  1  0  3/10   13:20   0:00   0:27 
Evgeni Malkin            1  0  1   0  0   9  2  0  4  0  18/31  21:36   3:19   0:33 
Jakub Kindl              0  0  0   0  0   0  1  0  0  1  0/0    14:33   0:00   1:06 
Jiri Fischer             0  1  1   1  0   1  0  1  1  0  0/0    20:02   2:08   0:53 
Kellan Lain              0  1  1   1  0   1  2  1  0  1  1/2    20:13   2:38   0:00 
Kris Versteeg            0  0  0   0  0   2  2  0  2  0  0/1    18:02   3:19   0:00 
Lasse Kukkonen           0  0  0   0  0   0  1  0  0  0  0/0    13:44   0:00   0:00 
Marko Dano               0  0  0   0  0   1  1  0  0  1  0/0    18:02   3:19   0:00 
Michael Haley            0  0  0  -2  0   0  0  0  0  0  0/0     7:14   0:00   0:33 
Mike Richards            1  0  1   1  0   1  1  0  1  2  6/11   17:12   2:38   0:00 
Ole-Kristian Tollefsen   0  0  0  -2  2   1  3  1  1  0  0/0    25:26   3:49   0:11 
Petr Pohl                0  0  0  -2  0   4  1  0  0  0  2/2     7:24   0:00   0:00 
Philip Samuelsson        0  0  0  -2  0   6  1  1  1  1  0/0    26:14   3:49   1:17 
Ryan O'Byrne             0  0  0   1  0   1  0  2  0  1  0/0    20:02   2:08   0:53 

Players Stats for Capitals

Player Name              G  A  P  +/- PIM S  H  SB GA TA FO     MP     PP MP  PK MP  
------------------------------------------------------------------------------------
Alexander Steen          0  0  0   0  0   0  3  1  0  0  0/0    14:57   0:00   1:23 
Brent Burns              0  0  0  -1  0   2  3  1  0  3  0/0    23:57   1:21   3:28 
Derek Roy                0  3  3   1  0   4  2  1  0  2  17/30  21:26   1:15   2:03 
Duncan Keith             0  0  0   0  4   0  1  2  1  0  0/0    17:54   0:49   0:54 
Dustin Brown             0  0  0   0  0   1  0  0  1  1  0/0    13:12   0:00   0:00 
Jamie Benn               1  0  1   1  0   1  1  0  0  1  0/1    16:01   0:55   0:00 
Jared Spurgeon           0  0  0   1  0   0  0  0  0  0  0/0     4:13   0:00   0:14 
Jason Pominville         0  1  1   1  0   3  0  0  1  2  0/2    19:00   0:55   3:09 
Joe Pavelski             2  0  2   0  2   4  2  1  1  0  3/8    24:30   1:15   2:06 
Marc-Édouard Vlasic      0  0  0   1  0   1  0  1  0  0  0/0    14:05   0:00   1:21 
Mike Green               0  0  0   0  0   3  2  1  0  1  0/0    27:55   1:21   3:28 
Mikko Koivu              0  0  0   0  0   1  1  1  0  0  3/4    15:33   0:00   1:45 
Ondrej Palat             0  0  0  -1  0   0  0  0  0  0  0/0     6:33   0:00   0:11 
Patrick Sharp            1  0  1   1  0   2  2  0  1  0  0/0    18:58   1:15   0:00 
Ryan Getzlaf             0  1  1   1  0   3  1  0  1  0  6/18   17:19   0:55   1:17 
Ryan Suter               0  0  0   1  0   0  4  0  0  0  0/0    12:19   0:00   0:00 
T.J. Oshie               0  0  0  -1  0   0  0  1  0  0  0/0     6:22   0:00   0:00 
Trevor Daley             0  0  0   0  0   1  0  1  2  2  0/0    19:46   0:49   2:29 

3 Stars

1 - Derek Roy (Was)
2 - Joe Pavelski (Was)
3 - Marc-André Fleury (Was)

Power Play

Red Wings - 0 on 3 Attempt(s) - 0.00%
Capitals - 1 on 2 Attempt(s) - 50.00%

Penalty Kill

Red Wings - 1 on 2 Attempt(s) - 50.00% - Score 0 goal in Penalty Kill
Capitals - 3 on 3 Attempt(s) - 100.00% - Score 0 goal in Penalty Kill

Team Stat

Red Wings - Hits : 21 - Faceoff Wins : 34 - Blocked Shots : 6 - Penalty Minutes : 4
Capitals - Hits : 22 - Faceoff Wins : 29 - Blocked Shots : 11 - Penalty Minutes : 6

Official

Referees : Unknown
Linesman : Unknown

Game Notes

Joe Pavelski has scored in a empty net!

Finance

Level 1 -- Attendance: 5612 (93.53%) -- Ticket Income $572,424
Level 2 -- Attendance: 4706 (94.12%) -- Ticket Income $244,712
Level 3 -- Attendance: 2000 (100.00%) -- Ticket Income $84,000
Level 4 -- Attendance: 3873 (96.83%) -- Ticket Income $100,698
Luxury Box -- Attendance: 851 (85.10%) -- Ticket Income $164,243
Game was played at the Verizon Center.
Total Attendance: 17042 (94.68%)
Total Ticket Income: $1,166,077
Other Income: $174,912
Total Income: $1,340,989

Red Wings

5 vs 5 Forward 
   Center                   Left Wing                Right Wing               Time % Phy DF OF 
 1 Evgeni Malkin            Kellan Lain              Connor Brown             40     1   2  2  
 2 Mike Richards            Marko Dano               Kris Versteeg            30     1   2  2  
 3 David Krejci             Alex Picard              Carson Mcmillan          20     1   2  2  
 4 Darroll Powe             Michael Haley            Petr Pohl                10     1   2  2  

5 vs 5 Defense 
   Defense                  Defense                                           Time % Phy DF OF 
 1 Philip Samuelsson        Ole-Kristian Tollefsen                            40     1   2  2  
 2 Ryan O'Byrne             Jiri Fischer                                      30     1   2  2  
 3 Lasse Kukkonen           Jakub Kindl                                       20     1   2  2  
 4 Philip Samuelsson        Ole-Kristian Tollefsen                            10     1   2  2  

PowerPlay Forward 
   Center                   Left Wing                Right Wing               Time % Phy DF OF 
 1 Evgeni Malkin            Marko Dano               Kris Versteeg            60     1   2  2  
 2 Mike Richards            Kellan Lain              Connor Brown             40     1   2  2  

PowerPlay Defense
   Defense                  Defense                                           Time % Phy DF OF 
 1 Philip Samuelsson        Ole-Kristian Tollefsen                            60     1   2  2  
 2 Ryan O'Byrne             Jiri Fischer                                      40     1   2  2  

Penalty Kill 4 Players Forward 
   Center                   Wing                     Time % Phy DF OF 
 1 Darroll Powe             Carson Mcmillan          60     1   2  2  
 2 Evgeni Malkin            Michael Haley            40     1   2  2  

Penalty Kill 4 Players Defense
   Defense                  Defense                  Time % Phy DF OF 
 1 Philip Samuelsson        Ole-Kristian Tollefsen   60     1   2  2  
 2 Ryan O'Byrne             Jiri Fischer             40     1   2  2  

Penalty Kill - 3 Players Forward 
   Forward                                           Time % Phy DF OF 
 1 Carson Mcmillan                                   60     1   2  2  
 2 Michael Haley                                     40     1   2  2  

Penalty Kill - 3 Players Defense
   Defense                  Defense                  Time % Phy DF OF 
 1 Philip Samuelsson        Ole-Kristian Tollefsen   60     1   2  2  
 2 Ryan O'Byrne             Jiri Fischer             40     1   2  2  

4 vs 4 Forward 
   Center                   Wing                     Time % Phy DF OF 
 1 Evgeni Malkin            Kris Versteeg            60     1   2  2  
 2 Connor Brown             Marko Dano               40     1   2  2  

4 vs 4 Defense
   Defense                  Defense                  Time % Phy DF OF 
 1 Philip Samuelsson        Ole-Kristian Tollefsen   60     1   2  2  
 2 Ryan O'Byrne             Jiri Fischer             40     1   2  2  

Last Minutes Offensive
   Center                   Left Wing                Right Wing               Defense                  Defense                  
   Evgeni Malkin            Marko Dano               Kris Versteeg            Philip Samuelsson        Connor Brown             

Last Minutes Defensive
   Center                   Left Wing                Right Wing               Defense                  Defense                  
   Evgeni Malkin            Michael Haley            Carson Mcmillan          Philip Samuelsson        Ole-Kristian Tollefsen   

Goaltenders
Starting : Robin Lehner             
Backup : Josh Harding             

Extra Forwards
Normal : Petr Pohl, Alex Picard, David Krejci - PP : Petr Pohl, Alex Picard - PK : David Krejci
Extra Defensemen
Normal : Lasse Kukkonen, Jakub Kindl, Ryan O'Byrne - PP : Lasse Kukkonen - PK : Jakub Kindl, Ryan O'Byrne
Penalty Shots
Evgeni Malkin, Alex Picard, Mike Richards, Connor Brown, Carson Mcmillan

Scratches
Chuck Kobasew (Healthy), Matt Greene (Healthy)

Capitals

5 vs 5 Forward 
   Center                   Left Wing                Right Wing               Time % Phy DF OF 
 1 Derek Roy                Patrick Sharp            Joe Pavelski             40     1   2  2  
 2 Ryan Getzlaf             Jamie Benn               Jason Pominville         30     1   2  2  
 3 Mikko Koivu              Alexander Steen          Dustin Brown             20     1   2  2  
 4 Joe Pavelski             Ondrej Palat             T.J. Oshie               10     1   2  2  

5 vs 5 Defense 
   Defense                  Defense                                           Time % Phy DF OF 
 1 Mike Green               Brent Burns                                       40     1   2  2  
 2 Trevor Daley             Duncan Keith                                      30     1   2  2  
 3 Ryan Suter               Marc-Édouard Vlasic                               20     1   2  2  
 4 Jared Spurgeon           Mike Green                                        10     1   2  2  

PowerPlay Forward 
   Center                   Left Wing                Right Wing               Time % Phy DF OF 
 1 Derek Roy                Patrick Sharp            Joe Pavelski             60     1   2  2  
 2 Ryan Getzlaf             Jamie Benn               Jason Pominville         40     1   2  2  

PowerPlay Defense
   Defense                  Defense                                           Time % Phy DF OF 
 1 Mike Green               Brent Burns                                       60     1   2  2  
 2 Trevor Daley             Duncan Keith                                      40     1   2  2  

Penalty Kill 4 Players Forward 
   Center                   Wing                     Time % Phy DF OF 
 1 Joe Pavelski             Jason Pominville         60     1   2  2  
 2 Derek Roy                Ryan Getzlaf             40     1   2  2  

Penalty Kill 4 Players Defense
   Defense                  Defense                  Time % Phy DF OF 
 1 Mike Green               Brent Burns              60     1   2  2  
 2 Trevor Daley             Duncan Keith             40     1   2  2  

Penalty Kill - 3 Players Forward 
   Forward                                           Time % Phy DF OF 
 1 Joe Pavelski                                      60     1   2  2  
 2 Jason Pominville                                  40     1   2  2  

Penalty Kill - 3 Players Defense
   Defense                  Defense                  Time % Phy DF OF 
 1 Mike Green               Brent Burns              60     1   2  2  
 2 Trevor Daley             Duncan Keith             40     1   2  2  

4 vs 4 Forward 
   Center                   Wing                     Time % Phy DF OF 
 1 Joe Pavelski             Jason Pominville         60     1   2  2  
 2 Derek Roy                Ryan Getzlaf             40     1   2  2  

4 vs 4 Defense
   Defense                  Defense                  Time % Phy DF OF 
 1 Mike Green               Brent Burns              60     1   2  2  
 2 Trevor Daley             Duncan Keith             40     1   2  2  

Last Minutes Offensive
   Center                   Left Wing                Right Wing               Defense                  Defense                  
   Derek Roy                Patrick Sharp            Joe Pavelski             Mike Green               Brent Burns              

Last Minutes Defensive
   Center                   Left Wing                Right Wing               Defense                  Defense                  
   Derek Roy                Patrick Sharp            Joe Pavelski             Mike Green               Brent Burns              

Goaltenders
Starting : Marc-André Fleury        
Backup : Keith Kinkaid            

Extra Forwards
Normal : Alexander Steen, Dustin Brown, Mikko Koivu - PP : Alexander Steen, Dustin Brown - PK : Mikko Koivu
Extra Defensemen
Normal : Ryan Suter, Marc-Édouard Vlasic, Jared Spurgeon - PP : Ryan Suter - PK : Marc-Édouard Vlasic, Jared Spurgeon
Penalty Shots
Joe Pavelski, Jason Pominville, Derek Roy, Ryan Getzlaf, Patrick Sharp

Scratches
Ryan Nugent-Hopkins (Healthy), Mike Hoffman (Healthy)

% Time on Ice - Red Wings

Lines # - Real PCT - Wanted PCT - Time Play
Normal Forward
1 - 35% - 40% - 18:22
2 - 28% - 30% - 14:34
3 - 23% - 20% - 12:09
4 - 13% - 10% - 6:41
Normal Defense
1 - 38% - 40% - 19:42
2 - 33% - 30% - 17:01
3 - 26% - 20% - 13:25
4 - 3% - 10% - 1:38
PP Forward
1 - 56% - 60% - 3:19
2 - 44% - 40% - 2:38
PP Defense
1 - 64% - 60% - 3:49
2 - 36% - 40% - 2:08
PK Forward
1 - 75% - 60% - 1:37
2 - 25% - 40% - 0:33
PK Defense
1 - 59% - 60% - 1:17
2 - 41% - 40% - 0:53
PK3 Forward
1 - 0% - 60%
2 - 0% - 40%
PK3 Defense
1 - 0% - 60%
2 - 0% - 40%
44 Forward
1 - 0% - 60%
2 - 0% - 40%
44 Defense
1 - 0% - 60%
2 - 0% - 40%
Last Minute Offensive  - 0:07
Last Minute Defensive  - 0:00
Total
Forward - 60:00
Defense - 60:00

% Time on Ice - Capitals

Lines # - Real PCT - Wanted PCT - Time Play
Normal Forward
1 - 34% - 40% - 17:43
2 - 29% - 30% - 15:07
3 - 24% - 20% - 12:26
4 - 12% - 10% - 6:22
Normal Defense
1 - 37% - 40% - 19:08
2 - 32% - 30% - 16:28
3 - 23% - 20% - 12:04
4 - 8% - 10% - 3:58
PP Forward
1 - 58% - 60% - 1:15
2 - 42% - 40% - 0:55
PP Defense
1 - 62% - 60% - 1:21
2 - 38% - 40% - 0:49
PK Forward
1 - 80% - 60% - 4:46
2 - 20% - 40% - 1:11
PK Defense
1 - 58% - 60% - 3:28
2 - 42% - 40% - 2:29
PK3 Forward
1 - 0% - 60%
2 - 0% - 40%
PK3 Defense
1 - 0% - 60%
2 - 0% - 40%
44 Forward
1 - 0% - 60%
2 - 0% - 40%
44 Defense
1 - 0% - 60%
2 - 0% - 40%
Last Minute Offensive  - 0:00
Last Minute Defensive  - 0:15
Total
Forward - 60:00
Defense - 60:00

Play-by-Play

1st period


0:01 of 1st period - Evgeni Malkin wins face-off versus Derek Roy in neutral zone.
0:04 of 1st period - Snap shot by Philip Samuelsson.
0:04 of 1st period - Shot Blocked by Derek Roy.
0:12 of 1st period - Snap shot by Evgeni Malkin.
0:12 of 1st period - Stopped by Marc-André Fleury without a rebound.
0:13 of 1st period - Mike Richards wins face-off versus Ryan Getzlaf in Capitals zone.
0:49 of 1st period - Wrist shot by Mike Richards.
0:49 of 1st period - Deflect By Marko Dano.
0:49 of 1st period - Stopped by Marc-André Fleury without a rebound.
0:50 of 1st period - Derek Roy wins face-off versus David Krejci in Capitals zone.
1:21 of 1st period - Snap shot by Evgeni Malkin.
1:21 of 1st period - Stopped by Marc-André Fleury without a rebound.
1:22 of 1st period - Darroll Powe wins face-off versus Ryan Getzlaf in Capitals zone.
1:47 of 1st period - Jason Pominville is hit by Alex Picard and loses puck.
1:55 of 1st period - Off-side.
1:56 of 1st period - Derek Roy wins face-off versus Evgeni Malkin in neutral zone.
2:54 of 1st period - Snap shot by Kris Versteeg.
2:54 of 1st period - Shot Blocked by Brent Burns.
2:56 of 1st period - Wrist shot by Mike Richards.
2:56 of 1st period - Shot Misses the Net.
2:58 of 1st period - Slapshot by Kris Versteeg.
2:58 of 1st period - Shot Hit the Post.
3:51 of 1st period - Snap shot by Mike Richards.
3:51 of 1st period - Goal by Mike Richards - Red Wings : 1 - Capitals : 0.
3:52 of 1st period - Evgeni Malkin wins face-off versus Jason Pominville in neutral zone.
4:38 of 1st period - Snap shot by Ryan Getzlaf.
4:38 of 1st period - Stopped by Robin Lehner without a rebound.
4:39 of 1st period - Petr Pohl wins face-off versus Ryan Getzlaf in Red Wings zone.
4:52 of 1st period - Snap shot by Jason Pominville.
4:52 of 1st period - Stopped by Robin Lehner with a rebound.
4:54 of 1st period - Snap shot by Jamie Benn.
4:54 of 1st period - Goal by Jamie Benn - Red Wings : 1 - Capitals : 1.
4:55 of 1st period - Evgeni Malkin wins face-off versus Derek Roy in neutral zone.
5:12 of 1st period - Wrist shot by Derek Roy.
5:12 of 1st period - Shot Misses the Net.
5:28 of 1st period - Wrist shot by Alex Picard.
5:28 of 1st period - Stopped by Marc-André Fleury without a rebound.
5:29 of 1st period - Derek Roy wins face-off versus David Krejci in Capitals zone.
5:55 of 1st period - Minor Penalty to Duncan Keith for Interference.
5:56 of 1st period - Evgeni Malkin wins face-off versus Joe Pavelski in Capitals zone.
6:05 of 1st period - Snap shot by Kris Versteeg.
6:05 of 1st period - Shot Misses the Net.
6:07 of 1st period - Slapshot by Philip Samuelsson.
6:07 of 1st period - Deflect By Joe Pavelski.
6:07 of 1st period - Stopped by Marc-André Fleury with a rebound.
6:09 of 1st period - Slapshot by Philip Samuelsson.
6:09 of 1st period - Stopped by Marc-André Fleury with a rebound.
6:11 of 1st period - Wrist shot by Philip Samuelsson.
6:11 of 1st period - Stopped by Marc-André Fleury without a rebound.
6:12 of 1st period - Evgeni Malkin wins face-off versus Joe Pavelski in Capitals zone.
7:55 of 1st period - Penalty to Duncan Keith is over, Duncan Keith is back on ice.
8:10 of 1st period - Carson Mcmillan is hit by Brent Burns.
8:18 of 1st period - Brent Burns is hit by Jakub Kindl and loses puck.
8:29 of 1st period - Darroll Powe is hit by Jamie Benn and loses puck.
8:46 of 1st period - Mikko Koivu is hit by Lasse Kukkonen and loses puck.
9:11 of 1st period - Kris Versteeg is hit by Ryan Suter and loses puck.
10:06 of 1st period - Ryan Getzlaf is hit by Marko Dano and loses puck.
10:33 of 1st period - Snap shot by Petr Pohl.
10:33 of 1st period - Stopped by Marc-André Fleury with a rebound.
10:45 of 1st period - Mike Green is hit by Evgeni Malkin and loses puck.
11:24 of 1st period - Jakub Kindl is hit by Patrick Sharp and loses puck.
11:33 of 1st period - Wrist shot by Derek Roy.
11:33 of 1st period - Stopped by Robin Lehner without a rebound.
11:34 of 1st period - Ryan Getzlaf wins face-off versus David Krejci in Red Wings zone.
11:35 of 1st period - Wrist shot by Jamie Benn.
11:35 of 1st period - Shot Blocked by Ryan O'Byrne.
11:37 of 1st period - Wrist shot by Jason Pominville.
11:37 of 1st period - Stopped by Robin Lehner without a rebound.
11:38 of 1st period - David Krejci wins face-off versus Jamie Benn in Red Wings zone.
11:49 of 1st period - Slapshot by Jamie Benn.
11:49 of 1st period - Shot Blocked by Ryan O'Byrne.
11:51 of 1st period - Slapshot by Duncan Keith.
11:51 of 1st period - Shot Blocked by Jiri Fischer.
12:11 of 1st period - Off-side.
12:12 of 1st period - Derek Roy wins face-off versus Evgeni Malkin in neutral zone.
12:15 of 1st period - Connor Brown is hit by Derek Roy and loses puck.
13:07 of 1st period - Wrist shot by Darroll Powe.
13:07 of 1st period - Shot Misses the Net.
13:23 of 1st period - Snap shot by Joe Pavelski.
13:23 of 1st period - Stopped by Robin Lehner without a rebound.
13:24 of 1st period - Ryan Getzlaf wins face-off versus David Krejci in Red Wings zone.
13:31 of 1st period - Snap shot by Ryan Getzlaf.
13:31 of 1st period - Shot Misses the Net.
13:33 of 1st period - Snap shot by Mike Green.
13:33 of 1st period - Shot Misses the Net.
13:35 of 1st period - Slapshot by Mike Green.
13:35 of 1st period - Deflect By Lasse Kukkonen.
13:35 of 1st period - Stopped by Robin Lehner without a rebound.
13:36 of 1st period - Evgeni Malkin wins face-off versus Derek Roy in Red Wings zone.
13:51 of 1st period - Wrist shot by Connor Brown.
13:51 of 1st period - Stopped by Marc-André Fleury with a rebound.
13:53 of 1st period - Slapshot by Evgeni Malkin.
13:53 of 1st period - Stopped by Marc-André Fleury with a rebound.
14:03 of 1st period - Ole-Kristian Tollefsen is hit by Mike Green and loses puck.
14:55 of 1st period - Philip Samuelsson is hit by Joe Pavelski.
15:29 of 1st period - Ole-Kristian Tollefsen is hit by Joe Pavelski and loses puck.
15:56 of 1st period - Backhand shot by Philip Samuelsson.
15:56 of 1st period - Stopped by Marc-André Fleury without a rebound.
15:57 of 1st period - Mike Richards wins face-off versus Ryan Getzlaf in Capitals zone.
16:04 of 1st period - Snap shot by Mike Richards.
16:04 of 1st period - Shot Misses the Net.
16:06 of 1st period - Snap shot by Marko Dano.
16:06 of 1st period - Shot Hit the Post.
16:24 of 1st period - Jiri Fischer is hit by Ryan Suter and loses puck.
16:47 of 1st period - Carson Mcmillan is hit by Mike Green and loses puck.
17:06 of 1st period - Trevor Daley is hit by Kris Versteeg and loses puck.
17:13 of 1st period - Wrist shot by Kris Versteeg.
17:13 of 1st period - Stopped by Marc-André Fleury without a rebound.
17:14 of 1st period - Kellan Lain wins face-off versus Ryan Getzlaf in Capitals zone.
17:29 of 1st period - Slapshot by Evgeni Malkin.
17:29 of 1st period - Stopped by Marc-André Fleury without a rebound.
17:30 of 1st period - Evgeni Malkin wins face-off versus Derek Roy in Capitals zone.
17:37 of 1st period - Snap shot by Evgeni Malkin.
17:37 of 1st period - Shot Misses the Net.
18:16 of 1st period - David Krejci is hit by Alexander Steen and loses puck.
18:32 of 1st period - Off-side.
18:33 of 1st period - Derek Roy wins face-off versus Darroll Powe in neutral zone.
19:26 of 1st period - Icing by Jiri Fischer.
19:27 of 1st period - Ryan Getzlaf wins face-off versus Evgeni Malkin in Red Wings zone.
19:30 of 1st period - Wrist shot by Jamie Benn.
19:30 of 1st period - Deflect By Ryan Getzlaf.
19:30 of 1st period - Shot Misses the Net.
19:30 of 1st period - Puck is out of play.
19:31 of 1st period - Ryan Getzlaf wins face-off versus Evgeni Malkin in Red Wings zone.
19:46 of 1st period - Slapshot by Evgeni Malkin.
19:46 of 1st period - Stopped by Marc-André Fleury with a rebound.
19:48 of 1st period - Slapshot by Ole-Kristian Tollefsen.
19:48 of 1st period - Shot Misses the Net.
19:57 of 1st period - Mike Green is hit by Ole-Kristian Tollefsen and loses puck.
Goals for this period are 1 for Red Wings vs 1 for Capitals.
Shots for this period are 15 for Red Wings vs 7 for Capitals.

2nd period


0:01 of 2nd period - Derek Roy wins face-off versus Evgeni Malkin in neutral zone.
0:32 of 2nd period - Off-side.
0:33 of 2nd period - Connor Brown wins face-off versus Ryan Getzlaf in neutral zone.
0:42 of 2nd period - Snap shot by Connor Brown.
0:42 of 2nd period - Stopped by Marc-André Fleury without a rebound.
0:43 of 2nd period - Evgeni Malkin wins face-off versus Derek Roy in Capitals zone.
0:50 of 2nd period - Wrist shot by Evgeni Malkin.
0:50 of 2nd period - Goal by Evgeni Malkin - Red Wings : 2 - Capitals : 1.
0:51 of 2nd period - Evgeni Malkin wins face-off versus Derek Roy in neutral zone.
1:07 of 2nd period - Snap shot by Patrick Sharp.
1:07 of 2nd period - Shot Blocked by Kellan Lain.
1:17 of 2nd period - Dustin Brown is hit by Kris Versteeg and loses puck.
1:36 of 2nd period - Wrist shot by Ryan Getzlaf.
1:36 of 2nd period - Deflect By Carson Mcmillan.
1:36 of 2nd period - Stopped by Robin Lehner without a rebound.
1:37 of 2nd period - David Krejci wins face-off versus Ryan Getzlaf in Red Wings zone.
2:02 of 2nd period - Joe Pavelski is hit by Connor Brown and loses puck.
2:50 of 2nd period - Snap shot by Petr Pohl.
2:50 of 2nd period - Shot Misses the Net.
3:08 of 2nd period - Snap shot by Ondrej Palat.
3:08 of 2nd period - Shot Misses the Net.
3:10 of 2nd period - Wrist shot by Joe Pavelski.
3:10 of 2nd period - Shot Misses the Net.
3:16 of 2nd period - Snap shot by T.J. Oshie.
3:16 of 2nd period - Shot Misses the Net.
4:06 of 2nd period - Kris Versteeg is hit by Duncan Keith and loses puck.
4:32 of 2nd period - Derek Roy is hit by Petr Pohl and loses puck.
4:39 of 2nd period - Darroll Powe is hit by Derek Roy and loses puck.
4:58 of 2nd period - Snap shot by Evgeni Malkin.
4:58 of 2nd period - Stopped by Marc-André Fleury without a rebound.
4:59 of 2nd period - Evgeni Malkin wins face-off versus Derek Roy in Capitals zone.
5:06 of 2nd period - Slapshot by Connor Brown.
5:06 of 2nd period - Stopped by Marc-André Fleury with a rebound.
5:08 of 2nd period - Backhand shot by Ole-Kristian Tollefsen.
5:08 of 2nd period - Stopped by Marc-André Fleury without a rebound.
5:09 of 2nd period - Evgeni Malkin wins face-off versus Derek Roy in Capitals zone.
5:26 of 2nd period - Derek Roy is hit by Evgeni Malkin and loses puck.
5:55 of 2nd period - Slapshot by Connor Brown.
5:55 of 2nd period - Shot Misses the Net.
5:57 of 2nd period - Backhand shot by Philip Samuelsson.
5:57 of 2nd period - Shot Misses the Net.
5:59 of 2nd period - Slapshot by Ole-Kristian Tollefsen.
5:59 of 2nd period - Shot Misses the Net.
6:01 of 2nd period - Wrist shot by Connor Brown.
6:01 of 2nd period - Shot Blocked by Marc-Édouard Vlasic.
6:11 of 2nd period - Snap shot by Derek Roy.
6:11 of 2nd period - Stopped by Robin Lehner with a rebound.
6:19 of 2nd period - Wrist shot by Connor Brown.
6:19 of 2nd period - Shot Misses the Net.
6:21 of 2nd period - Wrist shot by Philip Samuelsson.
6:21 of 2nd period - Stopped by Marc-André Fleury without a rebound.
6:22 of 2nd period - Ryan Getzlaf wins face-off versus Mike Richards in Capitals zone.
6:29 of 2nd period - Kris Versteeg is hit by Ryan Getzlaf and loses puck.
6:48 of 2nd period - Kris Versteeg is hit by Alexander Steen and loses puck.
7:17 of 2nd period - Minor Penalty to Duncan Keith for Holding.
7:18 of 2nd period - Evgeni Malkin wins face-off versus Joe Pavelski in Capitals zone.
7:20 of 2nd period - Wrist shot by Kris Versteeg.
7:20 of 2nd period - Shot Misses the Net.
7:22 of 2nd period - Wrist shot by Kris Versteeg.
7:22 of 2nd period - Shot Misses the Net.
7:24 of 2nd period - Slapshot by Philip Samuelsson.
7:24 of 2nd period - Deflect By Brent Burns.
7:24 of 2nd period - Stopped by Marc-André Fleury without a rebound.
7:25 of 2nd period - Evgeni Malkin wins face-off versus Joe Pavelski in Capitals zone.
8:04 of 2nd period - Jason Pominville is hit by Philip Samuelsson and loses puck.
9:17 of 2nd period - Penalty to Duncan Keith is over, Duncan Keith is back on ice.
9:52 of 2nd period - Wrist shot by Petr Pohl.
9:52 of 2nd period - Stopped by Marc-André Fleury with a rebound.
9:54 of 2nd period - Snap shot by Petr Pohl.
9:54 of 2nd period - Stopped by Marc-André Fleury without a rebound.
9:55 of 2nd period - Petr Pohl wins face-off versus Derek Roy in Capitals zone.
10:02 of 2nd period - Backhand shot by Joe Pavelski.
10:02 of 2nd period - Goal by Joe Pavelski - Red Wings : 2 - Capitals : 2.
10:03 of 2nd period - Derek Roy wins face-off versus Kellan Lain in neutral zone.
10:21 of 2nd period - Minor Penalty to Ole-Kristian Tollefsen for Tripping.
10:22 of 2nd period - Darroll Powe wins face-off versus Derek Roy in Red Wings zone.
10:37 of 2nd period - Wrist shot by Derek Roy.
10:37 of 2nd period - Shot Misses the Net.
10:39 of 2nd period - Slapshot by Mike Green.
10:39 of 2nd period - Shot Misses the Net.
11:37 of 2nd period - Wrist shot by Alex Picard.
11:37 of 2nd period - Shot Misses the Net.
12:21 of 2nd period - Penalty to Ole-Kristian Tollefsen is over, Ole-Kristian Tollefsen is back on ice.
12:21 of 2nd period - Brent Burns is hit by David Krejci and loses puck.
12:35 of 2nd period - Wrist shot by Alex Picard.
12:35 of 2nd period - Stopped by Marc-André Fleury with a rebound.
13:05 of 2nd period - Snap shot by Jason Pominville.
13:05 of 2nd period - Stopped by Robin Lehner without a rebound.
13:06 of 2nd period - Mikko Koivu wins face-off versus Evgeni Malkin in Red Wings zone.
13:43 of 2nd period - Wrist shot by Kris Versteeg.
13:43 of 2nd period - Stopped by Marc-André Fleury with a rebound.
14:56 of 2nd period - Snap shot by Petr Pohl.
14:56 of 2nd period - Shot Misses the Net.
16:30 of 2nd period - Mike Green is hit by Ole-Kristian Tollefsen and loses puck.
16:37 of 2nd period - Duncan Keith is hit by Ole-Kristian Tollefsen.
17:02 of 2nd period - Snap shot by Alex Picard.
17:02 of 2nd period - Shot Blocked by Duncan Keith.
17:04 of 2nd period - Snap shot by Carson Mcmillan.
17:04 of 2nd period - Shot Blocked by Trevor Daley.
17:06 of 2nd period - Wrist shot by David Krejci.
17:06 of 2nd period - Shot Hit the Post.
17:20 of 2nd period - Wrist shot by Marko Dano.
17:20 of 2nd period - Shot Misses the Net.
17:22 of 2nd period - Slapshot by Ryan O'Byrne.
17:22 of 2nd period - Stopped by Marc-André Fleury without a rebound.
17:23 of 2nd period - Mike Richards wins face-off versus Ryan Getzlaf in Capitals zone.
17:31 of 2nd period - Off-side.
17:32 of 2nd period - Evgeni Malkin wins face-off versus Jason Pominville in neutral zone.
18:29 of 2nd period - Snap shot by Alex Picard.
18:29 of 2nd period - Deflect By Carson Mcmillan.
18:29 of 2nd period - Shot Misses the Net.
18:29 of 2nd period - Puck is out of play.
18:30 of 2nd period - Derek Roy wins face-off versus Evgeni Malkin in Capitals zone.
18:41 of 2nd period - Connor Brown is hit by Patrick Sharp and loses puck.
19:00 of 2nd period - Icing by Duncan Keith.
19:01 of 2nd period - Mikko Koivu wins face-off versus Mike Richards in Capitals zone.
19:18 of 2nd period - Wrist shot by Dustin Brown.
19:18 of 2nd period - Deflect By Alexander Steen.
19:18 of 2nd period - Shot Misses the Net.
19:18 of 2nd period - Puck is out of play.
19:19 of 2nd period - Derek Roy wins face-off versus Evgeni Malkin in Red Wings zone.
19:31 of 2nd period - Off-side.
19:32 of 2nd period - Derek Roy wins face-off versus Evgeni Malkin in neutral zone.
19:35 of 2nd period - Snap shot by Mike Green.
19:35 of 2nd period - Shot Misses the Net.
Goals for this period are 1 for Red Wings vs 1 for Capitals.
Shots for this period are 12 for Red Wings vs 4 for Capitals.

3rd period


0:01 of 3rd period - Derek Roy wins face-off versus Evgeni Malkin in neutral zone.
0:03 of 3rd period - Minor Penalty to Joe Pavelski for Hooking.
0:04 of 3rd period - Evgeni Malkin wins face-off versus Mikko Koivu in Capitals zone.
0:30 of 3rd period - Jason Pominville is hit by Mike Richards and loses puck.
2:03 of 3rd period - Penalty to Joe Pavelski is over, Joe Pavelski is back on ice.
2:15 of 3rd period - Ondrej Palat is hit by Alex Picard and loses puck.
2:34 of 3rd period - Snap shot by Petr Pohl.
2:34 of 3rd period - Stopped by Marc-André Fleury with a rebound.
2:39 of 3rd period - Off-side.
2:40 of 3rd period - Joe Pavelski wins face-off versus David Krejci in neutral zone.
2:52 of 3rd period - Wrist shot by David Krejci.
2:52 of 3rd period - Stopped by Marc-André Fleury with a rebound.
3:11 of 3rd period - Slapshot by Alexander Steen.
3:11 of 3rd period - Shot Misses the Net.
3:50 of 3rd period - Snap shot by Alex Picard.
3:50 of 3rd period - Shot Blocked by Duncan Keith.
3:52 of 3rd period - Wrist shot by David Krejci.
3:52 of 3rd period - Stopped by Marc-André Fleury with a rebound.
3:54 of 3rd period - Slapshot by David Krejci.
3:54 of 3rd period - Shot Misses the Net.
3:56 of 3rd period - Wrist shot by Carson Mcmillan.
3:56 of 3rd period - Shot Misses the Net.
4:56 of 3rd period - Snap shot by Darroll Powe.
4:56 of 3rd period - Shot Blocked by T.J. Oshie.
5:14 of 3rd period - Slapshot by Dustin Brown.
5:14 of 3rd period - Stopped by Robin Lehner without a rebound.
5:15 of 3rd period - Carson Mcmillan wins face-off versus Ryan Getzlaf in Red Wings zone.
5:56 of 3rd period - Minor Penalty to David Krejci for Roughing.
5:57 of 3rd period - Derek Roy wins face-off versus Darroll Powe in Red Wings zone.
6:07 of 3rd period - Snap shot by Patrick Sharp.
6:07 of 3rd period - Goal by Patrick Sharp - Red Wings : 2 - Capitals : 3.
6:08 of 3rd period - Derek Roy wins face-off versus Evgeni Malkin in neutral zone.
6:15 of 3rd period - Slapshot by Ole-Kristian Tollefsen.
6:15 of 3rd period - Deflect By Evgeni Malkin.
6:15 of 3rd period - Shot Blocked by Mike Green.
6:15 of 3rd period - Puck is out of play.
6:16 of 3rd period - Evgeni Malkin wins face-off versus Derek Roy in Capitals zone.
6:31 of 3rd period - Slapshot by Joe Pavelski.
6:31 of 3rd period - Shot Blocked by Ole-Kristian Tollefsen.
6:33 of 3rd period - Slapshot by Mike Green.
6:33 of 3rd period - Stopped by Robin Lehner with a rebound.
6:35 of 3rd period - Slapshot by Mike Green.
6:35 of 3rd period - Shot Blocked by Philip Samuelsson.
6:37 of 3rd period - Snap shot by Derek Roy.
6:37 of 3rd period - Shot Misses the Net.
6:39 of 3rd period - Slapshot by Mike Green.
6:39 of 3rd period - Deflect By Connor Brown.
6:39 of 3rd period - Stopped by Robin Lehner without a rebound.
6:40 of 3rd period - Mike Richards wins face-off versus Ryan Getzlaf in Red Wings zone.
7:26 of 3rd period - Off-side.
7:27 of 3rd period - Mikko Koivu wins face-off versus David Krejci in neutral zone.
7:59 of 3rd period - Slapshot by Evgeni Malkin.
7:59 of 3rd period - Shot Blocked by Joe Pavelski.
8:01 of 3rd period - Wrist shot by Evgeni Malkin.
8:01 of 3rd period - Stopped by Marc-André Fleury without a rebound.
8:02 of 3rd period - Mike Richards wins face-off versus Joe Pavelski in Capitals zone.
8:29 of 3rd period - Marc-Édouard Vlasic is hit by David Krejci and loses puck.
8:40 of 3rd period - Slapshot by Brent Burns.
8:40 of 3rd period - Stopped by Robin Lehner with a rebound.
9:00 of 3rd period - Wrist shot by Mikko Koivu.
9:00 of 3rd period - Stopped by Robin Lehner with a rebound.
9:19 of 3rd period - Wrist shot by Dustin Brown.
9:19 of 3rd period - Shot Misses the Net.
9:27 of 3rd period - Slapshot by Evgeni Malkin.
9:27 of 3rd period - Stopped by Marc-André Fleury with a rebound.
9:49 of 3rd period - Slapshot by Brent Burns.
9:49 of 3rd period - Stopped by Robin Lehner with a rebound.
9:57 of 3rd period - Mikko Koivu is hit by Connor Brown and loses puck.
10:12 of 3rd period - Snap shot by Evgeni Malkin.
10:12 of 3rd period - Shot Misses the Net.
10:18 of 3rd period - Snap shot by Connor Brown.
10:18 of 3rd period - Stopped by Marc-André Fleury with a rebound.
10:20 of 3rd period - Slapshot by Jiri Fischer.
10:20 of 3rd period - Stopped by Marc-André Fleury without a rebound.
10:21 of 3rd period - Derek Roy wins face-off versus Kris Versteeg in Capitals zone.
10:54 of 3rd period - Slapshot by Trevor Daley.
10:54 of 3rd period - Stopped by Robin Lehner without a rebound.
10:55 of 3rd period - David Krejci wins face-off versus Ryan Getzlaf in Red Wings zone.
11:02 of 3rd period - Slapshot by David Krejci.
11:02 of 3rd period - Shot Misses the Net.
11:10 of 3rd period - Jakub Kindl is hit by Ryan Suter and loses puck.
11:19 of 3rd period - Slapshot by Jason Pominville.
11:19 of 3rd period - Shot Misses the Net.
11:41 of 3rd period - Snap shot by David Krejci.
11:41 of 3rd period - Shot Misses the Net.
12:03 of 3rd period - Wrist shot by Ryan Getzlaf.
12:03 of 3rd period - Stopped by Robin Lehner with a rebound.
12:08 of 3rd period - Off-side.
12:09 of 3rd period - Mike Richards wins face-off versus Derek Roy in neutral zone.
12:36 of 3rd period - Evgeni Malkin is hit by Brent Burns and loses puck.
13:21 of 3rd period - Wrist shot by Kris Versteeg.
13:21 of 3rd period - Shot Misses the Net.
13:29 of 3rd period - Kris Versteeg is hit by Mikko Koivu and loses puck.
13:57 of 3rd period - Icing by Connor Brown.
13:58 of 3rd period - Evgeni Malkin wins face-off versus Derek Roy in Red Wings zone.
14:12 of 3rd period - Off-side.
14:13 of 3rd period - Ryan Getzlaf wins face-off versus Evgeni Malkin in neutral zone.
14:13 of 3rd period - Ryan Getzlaf is hit by Kellan Lain.
14:49 of 3rd period - Dustin Brown is hit by Kellan Lain and loses puck.
14:56 of 3rd period - Backhand shot by Kellan Lain.
14:56 of 3rd period - Stopped by Marc-André Fleury without a rebound.
14:57 of 3rd period - Joe Pavelski wins face-off versus Mike Richards in Capitals zone.
15:04 of 3rd period - Wrist shot by Patrick Sharp.
15:04 of 3rd period - Stopped by Robin Lehner with a rebound.
15:07 of 3rd period - Icing by Mike Richards.
15:08 of 3rd period - Derek Roy wins face-off versus Mike Richards in Red Wings zone.
15:17 of 3rd period - Snap shot by Joe Pavelski.
15:17 of 3rd period - Shot Misses the Net.
15:19 of 3rd period - Slapshot by Brent Burns.
15:19 of 3rd period - Shot Misses the Net.
15:21 of 3rd period - Snap shot by Derek Roy.
15:21 of 3rd period - Stopped by Robin Lehner without a rebound.
15:22 of 3rd period - Derek Roy wins face-off versus Evgeni Malkin in Red Wings zone.
15:37 of 3rd period - Wrist shot by Joe Pavelski.
15:37 of 3rd period - Stopped by Robin Lehner with a rebound.
15:39 of 3rd period - Wrist shot by Derek Roy.
15:39 of 3rd period - Stopped by Robin Lehner with a rebound.
16:17 of 3rd period - Philip Samuelsson is hit by Alexander Steen.
16:24 of 3rd period - Icing by Kris Versteeg.
16:25 of 3rd period - Derek Roy wins face-off versus Mike Richards in Red Wings zone.
16:40 of 3rd period - Wrist shot by Joe Pavelski.
16:40 of 3rd period - Shot Misses the Net.
16:42 of 3rd period - Snap shot by Marc-Édouard Vlasic.
16:42 of 3rd period - Deflect By Philip Samuelsson.
16:42 of 3rd period - Stopped by Robin Lehner without a rebound.
16:43 of 3rd period - Evgeni Malkin wins face-off versus Ryan Getzlaf in Red Wings zone.
17:09 of 3rd period - Carson Mcmillan is hit by Brent Burns and loses puck.
17:44 of 3rd period - Backhand shot by Joe Pavelski.
17:44 of 3rd period - Shot Misses the Net.
18:25 of 3rd period - Snap shot by David Krejci.
18:25 of 3rd period - Shot Misses the Net.
18:27 of 3rd period - Snap shot by Alex Picard.
18:27 of 3rd period - Shot Blocked by Alexander Steen.
18:29 of 3rd period - Snap shot by David Krejci.
18:29 of 3rd period - Stopped by Marc-André Fleury with a rebound.
18:31 of 3rd period - Slapshot by Lasse Kukkonen.
18:31 of 3rd period - Shot Blocked by Mikko Koivu.
18:49 of 3rd period - Red Wings, Robin Lehner is pulled from the net.
18:56 of 3rd period - Ole-Kristian Tollefsen is hit by Ryan Suter and loses puck.
19:07 of 3rd period - Wrist shot by Derek Roy.
19:07 of 3rd period - Deflect By Joe Pavelski.
19:07 of 3rd period - Goal by Joe Pavelski - Red Wings : 2 - Capitals : 4.
19:07 of 3rd period - Robin Lehner from Red Wings was sent back in the game.
19:08 of 3rd period - Joe Pavelski wins face-off versus David Krejci in neutral zone.
Goals for this period are 0 for Red Wings vs 2 for Capitals.
Shots for this period are 9 for Red Wings vs 15 for Capitals.